 Dungeon Crawl Stone Soup version 0.17-a0-1479-g4041c36 (webtiles) character file.

44 MorinGrein the Chopper (level 3, -2/33 HPs)
             Began as a Deep Dwarf Berserker on July 3, 2015.
             Was a Believer of Trog.
             Killed by nerve-wracking pain
             ... invoked by Jessica
              (12 damage)
             ... on level 2 of the Dungeon.
             The game lasted 00:05:18 (882 turns).

MorinGrein the Chopper (Deep Dwarf Berserker)        Turns: 882, Time: 00:05:18

Health: -2/33      AC:  3    Str: 21    XL:     3   Next: 39%
Magic:  3/3        EV: 12    Int:  7    God:    Trog [**....]
Gold:   57         SH:  0    Dex: 12    Spells: 0 memorised, 2 levels left

rFire  . . .     SeeInvis .     a - +0 hand axe
rCold  . . .     Clarity  .     c - +0 leather armour
rNeg   . . .     SustAt   .     (no shield)
rPois  .         Gourm    .     (no helmet)
rElec  .         Spirit   .     (no cloak)
rCorr  .         Warding  .     (no gloves)
rMut   .         Stasis   .     (no boots)
MR     .....                    (no amulet)
Stlth  +.........               (no ring)
                                (no ring)

@: non-regenerating, not resistant to hostile enchantments, very unstealthy
A: damage resistance, recharge devices, sense surroundings 1, slow healing 3
a: Device Recharging, Burn Spellbooks, Berserk, Trog's Hand, Renounce Religion


You were on level 2 of the Dungeon.
You worshipped Trog.
Trog was pleased with you.
You were not hungry.

You visited 1 branch of the dungeon, and saw 2 of its levels.

You collected 57 gold pieces.

Inventory:

Hand weapons
 a - a +0 hand axe (weapon)
Armour
 b - a +0 animal skin
 c - a +0 leather armour (worn)
 i - a +0 chain mail
Magical devices
 h - a wand of heal wounds (5)
 n - a wand of slowing (20)
Scrolls
 m - 3 scrolls of identify {unknown}
 o - a scroll of enchant weapon {unknown}
 q - 3 scrolls of magic mapping {unknown}
 r - a scroll of fog {unknown}
Potions
 e - 2 potions of curing {unknown}
 f - a potion of heal wounds {unknown}
 g - a potion of resistance {unknown}
 l - a potion of brilliance {unknown}
 p - a potion of magic {unknown}
Comestibles
 d - a bread ration
 j - a slice of pizza
 k - 4 chunks of flesh


   Skills:
 - Level 2.6 Fighting
 + Level 4.9 Axes
 - Level 2.1 Armour
 - Level 2.1 Dodging


You had 2 spell levels left.
You didn't know any spells.

Dungeon Overview and Level Annotations

Branches:
Dungeon (2/15)

Altars:

Annotations:
D:2 Jessica


Innate Abilities, Weirdness & Mutations

You are resistant to damage.
You can recharge devices by infusing magical energy.
You passively map a small area around you.
You do not heal naturally.


Message History

Trog accepts your kill.
You see here a giant newt corpse.
You butcher the giant newt corpse.
k - 4 chunks of flesh (gained 1)
You see here 11 arrows of dispersal.
A giant cockroach comes into view.
You closely miss the giant cockroach. The giant cockroach barely misses you.
You hit the giant cockroach.
The giant cockroach is severely wounded.
The giant cockroach barely misses you.
You hit the giant cockroach.
You kill the giant cockroach!
Trog accepts your kill.
r - a scroll labeled CAXTAYWIEP Jessica the Apprentice Sorceress comes into view.
Jessica shouts!
A bat comes into view.
Jessica points at you and mumbles some strange words.
Pain shoots through your body!
You die...

#.###.####..........
#.# #....###...##### ,
#.###.##.# #...##...
#.....##.###......# ,
#####..###.†..........
.# #..#######..######
* * .# #...........# #
, .#
###.#.####.#####....,
.# #....# #..@..@b...
.# ###..# #######.###
* .## #..# * ..# #..#
, #.# #..# #.# #..#
#.# #..# * #.# #..# ,
, # #.# #..########..#
## * ,..


You could see Jessica and a bat.

Vanquished Creatures
  An adder (D:2)
  A worm (D:2)
  2 giant geckos (D:2)
  6 bats
  4 giant cockroaches
  2 hobgoblins
  5 jackals
  A quokka (D:2)
  2 giant newts
  4 goblins
  A kobold (D:1)
  4 rats
33 creatures vanquished.

Notes
Turn   | Place    | Note
--------------------------------------------------------------
     0 | D:1      | MorinGrein the Deep Dwarf Berserker began the quest for the Orb.
     0 | D:1      | Reached XP level 1. HP: 20/20 MP: 1/1
   149 | D:1      | Reached XP level 2. HP: 20/27 MP: 2/2
   152 | D:1      | Reached skill level 4 in Axes
   548 | D:2      | Acquired Trog's second power
   705 | D:2      | Reached XP level 3. HP: 12/33 MP: 3/3
   881 | D:2      | Noticed Jessica
   882 | D:2      | Killed from afar by Jessica

Vault maps used:
D:1:      mrwooster_arrival_arrow
D:2:      uniq_jessica

Action                   || total
-------------------------++-------
Melee: Hand axe          ||   103
Invok: Berserk           ||     1
  Eat: Chunk             ||     1
